 Dungeon Crawl Stone Soup version 0.27.1-33-g824d729ab1 (webtiles) character file.

Game seed: 7796124771191691441

247 zeram the Poker (level 6, -2/48 HPs)
             Began as a Merfolk Fighter on Dec 28, 2021.
             Slain by an ogre (18 damage)
             ... on level 4 of the Dungeon.
             The game lasted 00:04:16 (2967 turns).

zeram the Poker (Merfolk Fighter)                   Turns: 2967, Time: 00:04:17

Health: -2/48      AC:  5    Str: 16    XL:     6   Next: 11%
Magic:  6/6        EV: 10    Int: 10    God:
Gold:   68         SH:  9    Dex: 13    Spells: 5/5 levels left

rFire    + . .     SeeInvis .   a - +0 trident
rCold    + . .     Faith    .   c - +0 kite shield
rNeg     . . .     Spirit   .   s - +2 robe {rC+ rF+}
rPois    .         Reflect  .   (no helmet)
rElec    .         Harm     .   (no cloak)
rCorr    .         Rampage  .   (no gloves)
Will     .....                  u - +0 pair of boots
Stlth    +.........             (no amulet)
HPRegen  0.16/turn              (no ring)
MPRegen  0.10/turn              (no ring)

@: no status effects
A: (nimble swimmer 2), mertail
a: no special abilities


You were on level 4 of the Dungeon.
You visited 1 branch of the dungeon, and saw 4 of its levels.

You collected 68 gold pieces.

Inventory:

Hand Weapons
 a - a +0 trident (weapon)
Armour
 b - a +0 scale mail
 c - a +0 kite shield (worn)
 s - a +2 robe of resistance (worn)
 u - a +0 pair of boots (worn)
Jewellery
 e - a +4 ring of slaying
 f - a +6 ring of strength
 p - a ring of protection from cold
Scrolls
 h - a scroll of immolation {unknown}
 i - a scroll of amnesia {unknown}
 j - a scroll of identify
 m - a scroll of fog {unknown}
 r - a scroll of brand weapon {unknown}
Potions
 d - a potion of might
 g - a potion of attraction
 k - a potion of lignification
 l - a potion of degeneration {unknown}
 n - a potion of mutation {unknown}
 o - a potion of brilliance {unknown}
 q - a potion of curing {unknown}
 t - a potion of resistance {unknown}


   Skills:
 - Level 3.7 Fighting
 + Level 6.7 Polearms
 - Level 2.3 Armour
 + Level 2.2 Dodging
 + Level 4.2 Shields


You had 5 spell levels left.
You didn't know any spells.
Your spell library was empty.

Dungeon Overview and Level Annotations

Branches:
Dungeon (4/15)
 Temple: D:4-7

Altars:
Ashenzari


Innate Abilities, Weirdness & Mutations

((You are quick and stealthy near water. (Stealth+, EV+, Speed+++)))
Your lower body shifts to a powerful aquatic tail in water.


Message History

Your shield prevents you from hitting the ogre.
The ogre is heavily wounded.
The ogre hits you with a +0 giant club!
* * * LOW HITPOINT WARNING * * *
You are too injured to fight recklessly!
You are too injured to fight recklessly!
You are too injured to fight recklessly!
You are too injured to fight recklessly!
You are too injured to fight recklessly!
You are too injured to fight recklessly!
You are too injured to fight recklessly!
You are too injured to fight recklessly!
You are too injured to fight recklessly!
You are too injured to fight recklessly!
You are too injured to fight recklessly!
You are too injured to fight recklessly!
You are too injured to fight recklessly!
You are too injured to fight recklessly!
You are too injured to fight recklessly!
You are too injured to fight recklessly!
You are too injured to fight recklessly!
You are too injured to fight recklessly!
You are too injured to fight recklessly!
You are too injured to fight recklessly!
You are too injured to fight recklessly!
You are too injured to fight recklessly!
You are too injured to fight recklessly!
Okay, then.
Okay, then.
Press: ? - help, v - describe, . - travel, g - get item
Items here: the +3 leather armour of Ylynnyf {Will+ Int+2}; 11 stones.
The floor.
The ogre closely misses you.
Okay, then.
Found 16 gold pieces.
You open the door.
There is an open door here.
There is a stone staircase leading up here.
The ogre hits you with a +0 giant club!!
You die...

#. #.# ... #.# ##+##
#.# ##...## #.###
##/....## #.#[##
##.......##
###....####.....@...#
..........).....O...+
###....####[........#
#.#.## ##....o..##
#...# ##...o.## ###.#
##...## #o# ##o## #.#
#.### #o# ##...##


You could see an ogre and 3 orcs.

Vanquished Creatures
  Sigmund (D:2)
  Jessica (D:3)
  3 adders (D:2)
  An orc (D:4)
  2 endoplasms (D:2)
  3 giant cockroaches
  7 goblins
  8 hobgoblins
  5 kobolds
  A quokka (D:1)
  5 ball pythons (D:1)
  5 bats
  3 frilled lizards
  3 rats
48 creatures vanquished.

Notes
Turn   | Place    | Note
-------+----------+-------------------------------------------
     0 | D:1      | zeram the Merfolk Fighter began the quest for the Orb.
     0 | D:1      | Reached XP level 1. HP: 18/18 MP: 1/1
   220 | D:1      | Reached XP level 2. HP: 24/24 MP: 2/2
   375 | D:1      | Reached XP level 3. HP: 28/30 MP: 3/3
   609 | D:1      | Found a faded altar of an unknown god.
   834 | D:2      | Found a broken altar of Ashenzari.
  1085 | D:2      | Reached skill level 4 in Polearms
  1085 | D:2      | Reached skill level 1 in Dodging
  1085 | D:2      | Reached XP level 4. HP: 33/37 MP: 4/4
  1541 | D:2      | Noticed Sigmund
  1549 | D:2      | Killed Sigmund
  1550 | D:2      | Reached skill level 6 in Polearms
  1550 | D:2      | Reached XP level 5. HP: 20/42 MP: 5/5
  2253 | D:3      | Noticed Jessica
  2261 | D:3      | Killed Jessica
  2262 | D:3      | Reached XP level 6. HP: 43/48 MP: 6/6
  2920 | D:4      | Identified the +3 leather armour of Ylynnyf {Will+ Int+2}
  2967 | D:4      | Slain by an ogre

Illustrated notes

Levels and vault maps discovered:
D:1:      dpeg_arrival_tiny_d, layout_rooms,
          dreamdust_ecumenical_altar_hidden_monk_grotto
D:2:      layout_loops_ring, basic_altar, uniq_sigmund
D:3:      layout_basic, uniq_jessica
D:4:      layout_loops_corners, minmay_temple_entry_arrows, uniq_natasha

Skill      XL: |  1  2  3  4 |
---------------+-------------+-----
Polearms       | 4 6 |  6.7
Dodging        | 1 2 |  2.2
Shields        | 4 |  4.2
Fighting       | |  3.7
Armour         | |  2.3

Action                   |  1- 3 |  4- 6 || total
-------------------------+-------+-------++-------
Melee: Trident           |   118 |    52 ||   170
  Use: Scroll            |       |     3 ||     3
Armor: Scale mail        |    57 |    11 ||    68
       Robe              |       |     1 ||     1
Dodge: Dodged            |    34 |     7 ||    41
Block: Kite shield       |    67 |    15 ||    82
